 Dungeon Crawl Stone Soup version 0.20-a0-493-g19c8d8d (webtiles) character file.

136 FrankyJ the Ducker (level 5, 0/41 HPs)
             Began as a Merfolk Skald on Jan 17, 2017.
             Killed from afar by an orc wizard (8 damage)
             ... with a magic dart
             ... on level 3 of the Dungeon.
             The game lasted 00:04:23 (2107 turns).

FrankyJ the Ducker (Merfolk Skald)                  Turns: 2107, Time: 00:04:23

Health: 0/41       AC:  3    Str: 13    XL:     5   Next: 19%
Magic:  6/8        EV: 13    Int: 12    God:
Gold:   187        SH:  0    Dex: 13    Spells: 7/8 levels left

rFire    . . .     SeeInvis .   a - +0 spear
rCold    . . .     Gourm    .   b - +0 leather armour
rNeg     . . .     Faith    .   (no shield)
rPois    .         Spirit   .   (no helmet)
rElec    .         Reflect  .   (no cloak)
rCorr    .         Harm     .   (no gloves)
MR       .....                  (no boots)
Stlth    ++........             (no amulet)
Regen    0.2/turn               (no ring)
                                (no ring)

@: no status effects
A: change form in water, swift swim, stealthy swim
a: no special abilities


You were on level 3 of the Dungeon.
You were not hungry.

You visited 1 branch of the dungeon, and saw 3 of its levels.

You collected 187 gold pieces.

Inventory:

Hand Weapons
 a - a +0 spear (weapon)
 e - a +0 blowgun
Missiles
 s - 7 tomahawks (quivered)
Armour
 b - a +0 leather armour (worn)
 w - a +0 pair of boots
Scrolls
 f - a scroll of fog {unknown}
 h - 2 scrolls of magic mapping {unknown}
 m - a scroll of teleportation {unknown}
 q - a scroll of remove curse {unknown}
 r - a scroll of random uselessness {unknown}
 v - a scroll of identify
Potions
 i - a potion of heal wounds
 j - a potion of resistance {unknown}
 k - a potion of magic {unknown}
 l - 3 potions of flight {unknown}
 n - 2 potions of haste {unknown}
 o - a potion of lignification {unknown}
Books
 c - a book of Battle

   Spells                             Type                      Level
   a - Infusion                       Charms                       1
   b - Shroud of Golubria             Charms/Translocation         2
   c - Song of Slaying                Charms                       2
   d - Spectral Weapon                Hexes/Charms                 3
   e - Regeneration                   Charms/Necromancy            3
Comestibles
 d - 2 bread rations
 g - a meat ration
 p - 2 slices of pizza
 t - 2 chunks of flesh
 u - a beef jerky


   Skills:
 + Level 3.4 Fighting
 - Level 3.0 Polearms
 + Level 1.6 Armour
 + Level 4.0 Dodging
 + Level 2.8 Stealth
 - Level 2.0 Spellcasting
 - Level 3.2 Charms


You had 7 spell levels left.
You knew the following spells:

 Your Spells              Type           Power        Failure   Level  Hunger
a - Infusion              Chrm           #...         12%         1    ##.....


Dungeon Overview and Level Annotations

Branches:
Dungeon (3/15)

Altars:


Message History

The orc wizard misses you.
You bump into the rock wall.
The orc wizard closely misses you.
You completely miss the orc wizard.
The orc wizard is heavily wounded.
You are no longer magically infusing your attacks.
The orc wizard casts a spell.
The orc wizard flickers and vanishes!
Deactivating autopickup; reactivate with Ctrl-A.
You completely miss something. Something hits you but does no damage.
You completely miss something.
You feel less confused. Something hits you.
* * * LOW HITPOINT WARNING * * *
You hit something. Something hits you but does no damage.
Okay, then.
You hit something but do no damage.
You hear some strange, mumbled words.
A magic dart appears from out of thin air!
The magic dart hits you!
You die...

..................#
####...##########.#
#.....# #.# ##...##
#.# ##.## #.# #.#
#.## #.# #..# ##'##
#####.##### ##...##
#.)@{.....#
##.....##
#.###.###.#
##.......## # #.#
#.........# #{#
+.........+ o.#
#.........# #.#
##.รท.....## #.#
##.....## ...
##...## #.#


There were no monsters in sight!

Vanquished Creatures
  An orc priest (D:3)
  Jessica (D:3)
  An adder zombie (D:3)
  A worm (D:2)
  A dart slug (D:1)
  A leopard gecko (D:1)
  8 orcs (D:3)
  2 ball pythons
  2 giant cockroaches
  5 hobgoblins
  2 jackals (D:3)
  2 quokkas
  5 bats
  3 frilled lizards
  7 goblins
  2 kobolds
  25 rats
69 creatures vanquished.

Notes
Turn   | Place    | Note
-------+----------+-------------------------------------------
     0 | D:1      | FrankyJ the Merfolk Skald began the quest for the Orb.
     0 | D:1      | Reached XP level 1. HP: 16/16 MP: 3/3
   115 | D:1      | Reached XP level 2. HP: 22/23 MP: 5/5
   243 | D:1      | Reached skill level 1 in Armour
   333 | D:1      | Reached skill level 3 in Dodging
   361 | D:1      | Reached skill level 1 in Stealth
   363 | D:1      | Reached XP level 3. HP: 21/29 MP: 6/6
  1317 | D:3      | Reached XP level 4. HP: 17/35 MP: 7/7
  1853 | D:3      | Noticed Jessica
  1872 | D:3      | Killed Jessica
  2060 | D:3      | Reached skill level 4 in Dodging
  2060 | D:3      | Reached XP level 5. HP: 32/41 MP: 8/8
  2107 | D:3      | Killed from afar by an orc wizard

Vault maps used:
D:1:      erik_arrival_orb_chamber, minmay_rat_gold_closets
D:2:      fountainhead, dk_noncrumbling_3
D:3:      overflow_temple_1_default, grunt_ministairs_15, uniq_jessica

Skill      XL: |  1  2  3  4 |
---------------+-------------+-----
Armour         | 1 |  1.6
Dodging        | 3 4 |  4.0
Fighting       | 3 |  3.4
Stealth        | 1 2 |  2.8
Polearms       | |  3.0
Spellcasting   | |  2.0
Charms         | |  3.2

Action                   |  1- 3 |  4- 6 || total
-------------------------+-------+-------++-------
Melee: Spear             |   179 |   125 ||   304
 Cast: Infusion          |       |     1 ||     1
  Use: Scroll            |     2 |       ||     2
       Potion            |       |     2 ||     2
 Stab: Sleeping          |     8 |     2 ||    10
       Distracted        |       |     1 ||     1
  Eat: Chunk             |     1 |     3 ||     4
Armor: Leather armour    |    36 |    12 ||    48
Dodge: Dodged            |   102 |    57 ||   159
